Map: Oceanborn LE

Players

Dark

  • Race: Zerg Zerg
  • Spawn Location: 11:00

LiquidClem (Clem) - Winner!

  • Race: Terran Terran
  • League: Grandmaster
  • Spawn Location: 5:00

VOD

Have the link to the VOD?

Description

Time

  • Played on: Oct. 30, 2023, 10:01 p.m.
  • Length: 15:41
Show
View Real Time Build Order
Export as new Build Order

Dark Zerg 

Build Orders: Hatch First, Lurkers 

Get SALT Encoding   

  12  0:00  Drone  
  13  0:13  Overlord  
  13  0:17  Drone  
  14  0:31  Drone x2  
  16  0:48  Hatchery  
  15  0:52  Drone  
  15  0:54  Drone  
  17  0:57  Drone  
  18  1:11  Spawning Pool  
  17  1:13  Drone  
  17  1:18  Drone  
  19  1:31  Drone  
  21  1:40  Drone  
  21  1:43  Hatchery  
  20  2:00  Queen  
  20  2:01  Zergling x6  
  25  2:08  Queen  
  25  2:14  Overlord  
  27  2:16  Drone  
  28  2:32  Drone x2  
  28  2:33  Drone x2  
  28  2:36  Queen  
  34  2:44  Drone x2  
  34  2:47  Spore Crawler  
  36  2:54  Queen  
  36  2:58  Queen  
  40  2:59  Drone  
  40  3:03  Drone  
  42  3:07  Overlord  
  42  3:08  Overlord  
  42  3:25  Drone, Queen  
  42  3:26  Drone x6  
  51  3:28  Drone  
  51  3:31  Drone  
  53  3:37  Drone x2  
  53  3:40  Drone  
  56  3:44  Extractor  
  56  3:45  Extractor x2, Roach Warren  
  52  3:50  Drone x4  
  52  3:51  Drone  
  52  3:53  Drone  
  58  4:00  Overlord  
  58  4:04  Overlord  
  58  4:06  Overlord  
  58  4:11  Overlord  
  58  4:14  Overlord  
  58  4:20  Drone x4  
  58  4:23  Drone x3  
  65  4:28  Roach  
  67  4:33  Roach x3  
  73  4:39  Roach x2  
  73  4:40  Overlord  
  77  4:47  Drone x3  
  77  4:49  Lair  
  84  4:52  Roach x2  
  84  4:57  Drone x2  
  86  5:01  Drone x2  
  86  5:02  Extractor  
  86  5:04  Drone  
  86  5:05  Evolution Chamber x2  
  86  5:09  Drone x2  
  88  5:15  Roach  
  88  5:18  Extractor x2  
  89  5:21  Drone x2  
  89  5:28  Drone  
  91  5:32  Zerg Missile Weapons Level 1, Zerg Ground Armor Level 1  
  89  5:37  Drone  
  89  5:39  Drone x2  
  89  5:40  Drone x5  
  89  5:41  Overlord  
  93  5:50  Glial Reconstitution  
  93  5:53  Overlord  
  93  5:54  Overlord  
  93  5:56  Overlord  
  93  5:59  Hatchery  
  93  6:01  Drone x2  
  93  6:02  Drone x2  
  93  6:03  Drone x2  
  98  6:06  Overlord  
  98  6:09  Overlord  
  98  6:17  Roach x4  
  105  6:20  Roach  
  105  6:22  Roach x2  
  116  6:25  Roach x2  
  116  6:26  Roach  
  116  6:28  Roach  
  116  6:32  Drone  
  121  6:35  Roach x2, Hatchery  
  124  6:41  Roach x3  
  124  6:46  Roach x3  
  134  6:48  Overlord  
  134  6:52  Overlord x2  
  134  6:55  Roach x2  
  134  6:59  Overlord  
  134  7:00  Overlord  
  138  7:06  Ravager x8  
  146  7:10  Ravager x2  
  146  7:11  Roach  
  146  7:12  Roach x3  
  158  7:15  Roach  
  158  7:16  Roach  
  158  7:18  Roach x2  
  158  7:22  Ravager  
  165  7:24  Roach, Overlord  
  165  7:28  Roach  
  165  7:29  Roach x2  
  173  7:32  Roach  
  173  7:34  Overlord x2  
  173  7:36  Roach  
  177  7:40  Overlord  
  177  7:43  Overlord  
  176  7:44  Roach  
  176  7:45  Roach, Overlord  
  176  7:46  Roach  
  184  7:51  Roach x3  
  184  7:55  Roach x2  
  185  8:11  Roach x7  
  178  8:12  Roach  
  178  8:13  Roach  
  178  8:16  Roach  
  178  8:17  Roach x4  
  178  8:18  Roach  
  172  8:20  Roach  
  172  8:23  Roach  
  172  8:29  Drone x2  
  172  8:30  Drone  
  172  8:32  Zerg Ground Armor Level 2  
  171  8:46  Infestation Pit  
  170  8:50  Drone x4  
  170  8:53  Zerg Missile Weapons Level 2  
  170  8:55  Drone  
  175  8:56  Metabolic Boost  
  170  9:10  Roach x11  
  192  9:20  Extractor  
  183  9:25  Roach x2  
  183  9:29  Hive  
  184  9:31  Hydralisk Den  
  184  9:35  Extractor  
  184  9:37  Zergling x34  
  199  9:40  Zergling x2  
  192  9:49  Zergling x14  
  197  10:00  Ravager x3  
  191  10:15  Ravager  
  191  10:16  Hatchery, Ravager x7  
  191  10:17  Zergling x4  
  191  10:21  Grooved Spines  
  198  10:22  Lurker Den  
  198  10:26  Zergling x12  
  150  10:45  Roach x16  
  150  10:49  Roach x2  
  152  11:01  Roach x2  
  150  11:05  Roach x9  
  163  11:17  Viper x2  
  169  11:19  Zergling x12  
  175  11:29  Seismic Spines  
  160  11:51  Hydralisk  
  160  11:53  Zergling x8  
  160  11:54  Zergling x20, Roach x4  
  155  11:59  Roach x2  
  165  12:09  Hydralisk x4  
  172  12:17  Hydralisk x2  
  172  12:19  Overseer  
  173  12:26  Zerg Missile Weapons Level 3, Adaptive Talons  
  171  12:36  Lurker x5  
  176  12:37  Hydralisk  
  176  12:40  Muscular Augments  
  176  12:43  Drone  
  177  12:48  Lurker  
  177  12:49  Lurker  
  177  12:50  Zergling x2  
  177  12:51  Zergling x18  
  183  13:01  Lurker  
  166  13:17  Hydralisk x4  
  161  13:21  Hydralisk x2  
  161  13:22  Hydralisk x2  
  169  13:31  Hydralisk x7  
  170  13:36  Hydralisk x2  
  160  13:48  Lurker x2  
  153  13:59  Hydralisk x6  
  158  14:04  Hydralisk x2  
  158  14:06  Lurker x3  
  158  14:07  Zergling x2  
  166  14:15  Lurker x2  
  168  14:19  Hatchery  
  168  14:23  Lurker x2  
  169  14:29  Hydralisk x2  
  150  14:49  Hydralisk x3  
  134  14:57  Hydralisk  
  133  15:00  Hydralisk x2  
  133  15:02  Hydralisk x2  
  135  15:10  Zergling x2, Roach x2  
  135  15:11  Hydralisk x2  
  135  15:13  Hydralisk x2  
  135  15:14  Hydralisk x4  
Show
View Real Time Build Order
Export as new Build Order

LiquidClem Terran - Winner!

Build Orders:  

Get SALT Encoding   

  12  0:00  SCV  
  13  0:12  SCV  
  14  0:17  Supply Depot  
  14  0:24  SCV  
  15  0:39  SCV  
  15  0:40  Barracks  
  16  0:43  Refinery  
  16  0:51  SCV  
  17  0:59  Barracks  
  17  1:04  SCV  
  18  1:16  SCV  
  19  1:27  Reaper  
  19  1:29  Orbital Command  
  19  1:30  Supply Depot  
  20  1:46  Reaper  
  21  1:54  SCV  
  22  2:02  Reaper  
  23  2:08  Command Center  
  23  2:11  SCV  
  24  2:16  Refinery  
  25  2:24  SCV  
  26  2:36  SCV  
  26  2:39  Factory  
  26  2:48  SCV  
  26  2:50  Barracks Reactor  
  27  2:57  Command Center  
  27  3:00  SCV  
  28  3:07  Barracks Tech Lab  
  28  3:12  SCV  
  29  3:20  Orbital Command  
  29  3:25  SCV  
  30  3:28  Marine  
  30  3:31  Cyclone  
  30  3:33  Cyclone  
  35  3:37  Stimpack  
  35  3:39  SCV  
  36  3:42  Barracks Reactor  
  36  3:46  SCV  
  37  3:50  Marine  
  37  3:51  SCV  
  39  3:58  SCV  
  40  4:03  Hellion, SCV  
  40  4:05  Hellion  
  40  4:07  Starport  
  45  4:10  SCV  
  45  4:12  Marine  
  45  4:14  Orbital Command  
  45  4:16  SCV  
  48  4:21  Marine  
  48  4:22  SCV  
  48  4:23  Marine  
  51  4:26  Supply Depot  
  51  4:28  SCV  
  52  4:33  Marine  
  52  4:35  SCV  
  52  4:36  Hellion x2  
  57  4:42  SCV  
  57  4:43  SCV  
  57  4:44  Marine  
  57  4:45  Marine  
  60  4:47  SCV  
  60  4:51  Marine, Supply Depot  
  62  4:54  SCV  
  62  4:55  SCV  
  62  4:59  SCV  
  65  5:03  Engineering Bay x2  
  65  5:06  Refinery  
  65  5:07  SCV, Refinery  
  65  5:09  Marine x3  
  65  5:10  Factory Tech Lab  
  65  5:11  Orbital Command  
  65  5:12  SCV  
  70  5:16  Combat Shield  
  70  5:18  Supply Depot  
  70  5:21  Medivac x2  
  70  5:24  SCV  
  70  5:25  SCV  
  76  5:29  Barracks  
  76  5:31  Marine  
  77  5:39  SCV x2, Marine x2  
  77  5:40  Siege Tank  
  77  5:42  SCV  
  81  5:48  Barracks  
  76  5:50  Barracks  
  76  5:51  SCV x2  
  76  5:56  Terran Infantry Weapons Level 1, Terran Infantry Armor Level 1, Marine  
  76  5:57  Marine  
  79  5:58  Marine  
  79  6:00  SCV  
  79  6:02  Supply Depot  
  82  6:06  SCV, Supply Depot  
  82  6:07  SCV  
  84  6:12  SCV  
  84  6:18  Supply Depot  
  85  6:21  Barracks Reactor  
  85  6:23  Siege Tank, SCV x2, Marine x3  
  92  6:30  SCV  
  92  6:31  Supply Depot, Medivac x2  
  96  6:33  Refinery x2  
  96  6:35  SCV x2  
  96  6:37  Supply Depot  
  96  6:38  Barracks Reactor x2  
  98  6:41  Marine  
  98  6:42  SCV  
  98  6:47  Marine x2  
  98  6:48  SCV x2  
  98  6:49  Supply Depot  
  98  6:53  Factory  
  102  6:54  SCV  
  102  6:55  Armory  
  102  6:58  Marine x2  
  102  6:59  Marine  
  102  7:01  Siege Tank  
  109  7:02  SCV  
  109  7:03  SCV  
  109  7:05  Marine x2  
  109  7:06  SCV  
  109  7:08  Supply Depot  
  114  7:14  Marine, SCV  
  114  7:15  Supply Depot, SCV, Marine x3  
  120  7:16  Marine  
  120  7:17  Marine  
  120  7:18  Marine  
  120  7:22  Supply Depot  
  123  7:25  Marine  
  123  7:27  Command Center  
  124  7:32  Medivac  
  124  7:33  Bunker, Marine x3  
  129  7:37  Factory Tech Lab  
  129  7:38  Supply Depot  
  129  7:40  Siege Tank, Marine  
  129  7:41  Marine  
  129  7:43  Marine  
  135  7:46  Marine  
  135  7:47  Terran Vehicle Weapons Level 1, Marine  
  135  7:48  Marine  
  135  7:51  Marine, Medivac  
  140  7:56  Terran Infantry Weapons Level 2, Terran Infantry Armor Level 2  
  141  7:58  Marine  
  141  7:59  Marine  
  141  8:08  Medivac  
  141  8:09  Marine x3  
  141  8:12  Marine x2  
  130  8:13  Marine  
  130  8:18  Marine x2  
  130  8:19  Siege Tank  
  125  8:22  Marine  
  125  8:24  Medivac  
  122  8:27  Marine x2  
  122  8:28  Marine  
  122  8:29  SCV x3  
  122  8:33  Marine x2  
  122  8:34  Marine  
  128  8:36  Marine  
  124  8:41  Marine x2, SCV  
  124  8:45  Marine x2  
  124  8:46  Orbital Command, Factory Tech Lab  
  129  8:51  Siege Tank  
  129  8:53  Marine  
  129  8:54  Marine x2  
  135  8:56  Sensor Tower  
  135  8:58  Barracks  
  135  9:00  Barracks  
  135  9:01  Barracks  
  135  9:05  Siege Tank  
  135  9:06  Marine  
  135  9:07  Marine x2  
  135  9:08  Marine  
  135  9:09  Marine  
  140  9:10  Orbital Command  
  140  9:11  Marine  
  140  9:17  Marine x2  
  142  9:21  Marine  
  142  9:23  Siege Tank  
  140  9:24  Marine x2  
  140  9:27  Marine x3  
  140  9:29  Marine  
  144  9:35  Medivac  
  144  9:37  Siege Tank  
  149  9:41  Supply Depot  
  149  9:42  Sensor Tower  
  149  9:44  Marine  
  145  9:45  Marine  
  145  9:46  Marine x2  
  145  9:47  Barracks Tech Lab x2  
  145  9:48  Barracks Tech Lab  
  145  9:51  Marine x2  
  145  9:52  Orbital Command  
  150  9:54  Marine  
  150  9:55  Siege Tank, Liberator  
  150  9:56  Terran Vehicle Weapons Level 2, Supply Depot  
  150  9:57  Supply Depot  
  150  9:58  Concussive Shells  
  157  10:01  SCV x3  
  157  10:03  Marauder, Marine x2  
  161  10:09  Siege Tank  
  161  10:10  Medivac  
  161  10:11  Marine x2  
  161  10:12  Marine x2  
  161  10:13  SCV  
  168  10:14  Marine  
  168  10:17  Marauder x2, Marine  
  168  10:22  Marine  
  168  10:27  Siege Tank  
  171  10:32  Marine  
  171  10:34  Marine x3  
  150  10:37  Marine x4  
  150  10:38  Marine  
  150  10:41  Widow Mine  
  150  10:42  Marine  
  140  10:44  Marauder  
  140  10:47  Marine  
  140  10:49  Marine  
  136  10:52  Marine  
  136  10:56  Marine  
  139  10:57  Orbital Command  
  139  10:58  Marine x2  
  139  10:59  Siege Tank  
  139  11:00  SCV  
  139  11:03  Marine  
  144  11:04  Siege Tank  
  144  11:05  Marine  
  144  11:06  SCV x2  
  144  11:10  Terran Infantry Armor Level 3, Terran Infantry Weapons Level 3  
  149  11:12  Marine  
  149  11:13  SCV, Marine  
  149  11:17  Marine x3  
  155  11:19  SCV x2  
  155  11:25  SCV  
  158  11:26  Marauder x2, Marine  
  158  11:30  Marauder x2  
  158  11:31  Siege Tank  
  170  11:32  Marine  
  170  11:39  Siege Tank  
  166  11:41  Medivac  
  166  11:42  Marine x2  
  166  11:46  Marine x2  
  170  11:48  Marauder x2  
  170  11:50  Medivac  
  170  11:53  Marine  
  164  11:54  Marine  
  164  11:58  Marauder, Refinery  
  164  11:59  Command Center  
  164  12:00  Refinery  
  167  12:03  Siege Tank, Marauder  
  167  12:08  Ghost Academy  
  172  12:09  Marauder x2  
  172  12:13  Siege Tank  
  176  12:19  Liberator  
  176  12:20  Supply Depot, Marauder  
  176  12:21  Marine, Supply Depot  
  176  12:22  Marine  
  182  12:25  Marauder  
  181  12:30  Missile Turret  
  181  12:36  Siege Tank  
  184  12:38  Ghost, Missile Turret  
  184  12:43  Viking  
  188  12:45  Marauder  
  188  12:47  Marauder  
  188  12:48  Marauder  
  191  13:02  Viking  
  191  13:06  Siege Tank, Marauder  
  191  13:07  Marauder  
  191  13:08  Ghost  
  191  13:12  Ghost  
  197  13:19  Marine  
  190  13:20  Marine  
  191  13:27  Ghost  
  191  13:28  Ghost  
  191  13:31  Marine  
  191  13:33  Siege Tank  
  177  13:34  Marine  
  177  13:36  Marine  
  177  13:37  Marine  
  171  13:43  Ghost, Command Center  
  171  13:44  Command Center  
  171  13:46  Siege Tank  
  172  13:55  Ghost  
  164  13:56  Marine x2  
  164  14:00  Marine  
  164  14:01  Marine x2  
  168  14:05  Siege Tank  
  171  14:12  Marauder x2, Marine x3  
  171  14:14  Marine x2  
  171  14:15  Marine  
  171  14:16  Missile Turret  
  178  14:18  Siege Tank, Marine  
  178  14:20  Refinery  
  178  14:23  Missile Turret  
  182  14:37  Siege Tank  
  176  14:45  Ghost  
  172  14:51  Ghost  
  163  14:54  Ghost  
  163  14:58  Medivac  
  163  14:59  Missile Turret  
  162  15:00  Medivac  
  162  15:02  Siege Tank, Marine  
  165  15:11  Marine  
  166  15:15  Orbital Command x2  
Tags
 
Add a new tag
Caveats
  • Supply blocks, unpowered buildings, or Contaminate may cause inaccurate times.
  • Supply counts are checked every 10 seconds.